 Dungeon Crawl Stone Soup version 0.31-a0-176-g91f28db67f (webtiles) character file.

Game seed: 11945648129792605402

70 qw the Shooter (level 4, -3/40 HPs)
             Began as a Naga Hunter on June 17, 2023.
             Slain by an orc
             ... wielding a +0 hand axe
              (5 damage)
             ... on level 2 of the Dungeon.
             The game lasted 00:00:28 (1365 turns).

qw the Shooter (Naga Hunter)                        Turns: 1365, Time: 00:00:29

Health: -3/40      AC:  2    Str: 13    XL:     4   Next: 21%
Magic:  4/4        EV:  9    Int:  9    God:
Gold:   126        SH:  0    Dex: 17    Spells: 3/3 levels left

rFire   . . .        Y - +1 shortbow
rCold   + + .        (shield currently unavailable)
rNeg    . . .        c - +0 leather armour
rPois   +            (no helmet)
rElec   .            (no cloak)
rCorr   .            (no gloves)
SInv    +            (no barding)
Will    .....        (no amulet)
Stlth   ++           b - ring of protection from cold
HPRegen 0.26/turn    f - ring of protection from cold
MPRegen 0.09/turn

%: no passive effects
@: very slow
A: AC +1, large, see invisible, deformed body, poison resistance, slowness 2,
spit poison 1, naga tail 1
a: Spit Poison


You were on level 2 of the Dungeon.
You visited 1 branch of the dungeon, and saw 3 of its levels.

You collected 126 gold pieces.


Innate Abilities, Weirdness & Mutations

Your serpentine skin is tough. (AC +1)
You have supernaturally acute eyesight. (SInv)
Armour fits poorly on your strangely shaped body.
Your system is resistant to poisons. (rPois)
You cover ground very slowly.
You can spit poison.
You have a snake-like lower body.


   Skills:
 + Level 2.3 Fighting
 - Level 5.0 Ranged Weapons
 - Level 1.5 Dodging
 - Level 1.5 Stealth


You had 3 spell levels left.
You didn't know any spells.
Your spell library was empty.

Inventory:

Hand Weapons
 Y - a +1 shortbow (weapon)
Armour
 c - a +0 leather armour (worn)
Jewellery
 b - a ring of protection from cold (left hand)
 f - a ring of protection from cold (right hand)
 g - a ring of fire
Scrolls
 e - a scroll of identify
Potions
 a - a potion of mutation
 i - a potion of curing {unknown}

Dungeon Overview and Level Annotations

Branches:
Dungeon (3/15)

Altars:


Message History

Waypoint 2 assigned to D:3.
1357 ||| INVOKING Spit Poison.
Aiming: Spit Poison (1% risk of failure)
Press: ? - help, Shift-Dir - straight line, f - orc The splash of poison misses the orc.
A quokka comes into view.
The orc wizard points at you and mumbles some strange words.
You resist with some effort. The orc hits you with a +0 hand axe.
The orc priest mumbles some strange prayers to Beogh against you.
Beogh smites you! The orc closely misses you.
1358 ||| STAIRDANCE The orc barely misses you.
The orc hits you with a +0 hand axe. The orc hits you with a +0 short sword.
You climb upwards.
There is a stone staircase leading down here.
You shoot an arrow. The arrow barely misses the orc.
The orc hits you but does no damage. The orc closely misses you.
The orc barely misses you.
You shoot an arrow. The arrow barely misses the orc.
The orc closely misses you. The orc hits you with a +0 short sword.
The orc hits you with a +0 hand axe.
You shoot an arrow. The arrow hits the orc.
The orc is heavily wounded.
You have got your breath back.
The orc closely misses you. The orc hits you with a +0 club.
The orc barely misses you.
1363 ||| INVOKING Spit Poison.
Aiming: Spit Poison (1% risk of failure)
Press: ? - help, Shift-Dir - straight line, f/p - orc The splash of poison misses the orc.
The orc barely misses you. The orc hits you with a +0 club.
The orc hits you with a +0 short sword.
You shoot an arrow. The arrow barely misses the orc.
The orc barely misses you. The orc hits you with a +0 club.
The orc barely misses you.
You shoot an arrow. The arrow hits the orc.
You kill the orc!
You have got your breath back.
The orc barely misses you. x2; The orc hits you with a +0 club.
The orc hits you with a +0 hand axe.
You die...

##...............#
.....###########.#
.....###########.#
##.#.#...........#
##.#.#.#########.#
...#.#.# #.#
####.#.# ####.#
#.#.# #..oo# #.#.#
#.##@# #.#.#
###.##)# #.#.#
#......#
#.#.####.###..#
#.#......# #..#
####.######.###.##
....<# #.....#
###### ###.### #.#


You could see 2 orcs.

Vanquished Creatures
  3 gnolls (D:2)
  An orc (D:2)
  3 bats
  3 endoplasms
  5 goblins
  A hobgoblin (D:1)
  8 jackals
  3 kobolds
  2 quokkas
  4 ball pythons
  3 frilled lizards
  A rat (D:2)
37 creatures vanquished.

Notes
Turn   | Place    | Note
-------+----------+-------------------------------------------
     0 | D:1      | qw the Naga Hunter began the quest for the Orb.
     0 | D:1      | Reached XP level 1. HP: 19/19 MP: 1/1
     0 | D:1      | 0 ||| qw: Version: 0.3-a-5-g6f28e65
     0 | D:1      | 0 ||| qw: Game counter: 442
     0 | D:1      | 0 ||| qw: Always use a shield: true
     0 | D:1      | 0 ||| qw: God list: Okawaru
     0 | D:1      | 0 ||| qw: Allow faded altars: false
     0 | D:1      | 0 ||| qw: Do Orc after D:15 true
     0 | D:1      | 0 ||| qw: Do second Lair branch before Depths: true
     0 | D:1      | 0 ||| qw: Lair rune preference: random
     0 | D:1      | 0 ||| qw: Plans: Normal
     0 | D:1      | 0 ||| PLANNING D:1-11
    27 | D:1      | 27 ||| INVOKING Spit Poison.
    73 | D:1      | 73 ||| INVOKING Spit Poison.
   218 | D:1      | 218 ||| INVOKING Spit Poison.
   240 | D:1      | 240 ||| INVOKING Spit Poison.
   243 | D:1      | Reached skill level 4 in Ranged Weapons
   243 | D:1      | Reached XP level 2. HP: 26/26 MP: 2/2
   257 | D:1      | 257 ||| INVOKING Spit Poison.
   290 | D:1      | 290 ||| INVOKING Spit Poison.
   340 | D:1      | 340 ||| INVOKING Spit Poison.
   432 | D:1      | 432 ||| INVOKING Spit Poison.
   441 | D:1      | 441 ||| INVOKING Spit Poison.
   532 | D:1      | 532 ||| READING scroll labelled XYNEOSCH DYUL.
   533 | D:1      | 533 ||| READING scroll labelled KIW OFFAPECW.
   534 | D:1      | 534 ||| READING scroll labelled DIM TO CED.
   535 | D:1      | 535 ||| DRINKING 2 sedimented amethyst potions.
   545 | D:1      | 545 ||| DROPPING scroll of butterflies.
   546 | D:1      | 546 ||| DROPPING potion of ambrosia.
   620 | D:2      | 620 ||| INVOKING Spit Poison.
   624 | D:2      | 624 ||| INVOKING Spit Poison.
   625 | D:2      | 625 ||| INVOKING Spit Poison.
   655 | D:2      | 655 ||| INVOKING Spit Poison.
   722 | D:2      | 722 ||| INVOKING Spit Poison.
   723 | D:2      | 723 ||| INVOKING Spit Poison.
   728 | D:2      | Reached XP level 3. HP: 32/32 MP: 3/3
   736 | D:2      | 736 ||| INVOKING Spit Poison.
   742 | D:2      | 742 ||| INVOKING Spit Poison.
   864 | D:2      | 864 ||| INVOKING Spit Poison.
   917 | D:2      | 917 ||| INVOKING Spit Poison.
   942 | D:2      | 942 ||| INVOKING Spit Poison.
   961 | D:2      | Reached skill level 5 in Ranged Weapons
   961 | D:2      | Reached XP level 4. HP: 39/39 MP: 4/4
   982 | D:2      | 982 ||| INVOKING Spit Poison.
  1029 | D:2      | 1029 ||| INVOKING Spit Poison.
  1061 | D:2      | 1061 ||| INVOKING Spit Poison.
  1132 | D:2      | 1132 ||| INVOKING Spit Poison.
  1173 | D:2      | 1173 ||| INVOKING Spit Poison.
  1177 | D:2      | 1177 ||| INVOKING Spit Poison.
  1329 | D:2      | 1329 ||| UPGRADING to ring of protection from cold.
  1330 | D:2      | 1330 ||| UPGRADING to ring of protection from cold.
  1331 | D:2      | 1331 ||| READING scroll labelled VEMNOMUVIF.
  1332 | D:2      | 1332 ||| READING 2 scrolls of identify.
  1332 | D:2      | 1332 ||| IDENTIFYING ruby potion
  1357 | D:3      | 1357 ||| INVOKING Spit Poison.
  1358 | D:3      | 1358 ||| STAIRDANCE
  1363 | D:2      | 1363 ||| INVOKING Spit Poison.
  1363 | D:2      | HP: 10/40 [orc/+0 short sword (3)]
  1365 | D:2      | HP: 2/40 [orc/+0 club (4)]
  1365 | D:2      | Slain by an orc

Levels and vault maps discovered:
D:1:      eino_arrival_druids_welcome, layout_loops_ring
D:2:      layout_loops_ring
D:3:      layout_rooms, serial_park_tiny_2, uniq_ijyb

Skill      XL: |  1  2  3 |
---------------+----------+-----
Ranged Weapons | 4 5 |  5.0
Fighting       | |  2.3
Dodging        | |  1.5
Stealth        | |  1.5

Action                     |  1- 3 |  4- 6 || total
---------------------------+-------+-------++-------
   Fire: Shortbow          |    37 |    18 ||    55
Ability: Spit Poison       |    18 |     8 ||    26
    Use: Scroll            |     3 |     2 ||     5
         Potion            |     1 |       ||     1
 Armour: Leather armour    |     3 |     1 ||     4
  Dodge: Dodged            |     8 |    17 ||    25

Table legend:
 A = Non-vault XP
 B = Vault XP
 C = Vault XP percentage of total XP
 D = Non-vault monster count
 E = Vault monster count
 F = Vault count percentage of total count
                 A         B        C        D         E       F
            +---------+---------+-------+---------+---------+-------
      Total |     103 |       0 |   0.0 |      37 |       0 |   0.0
            +---------+---------+-------+---------+---------+-------
        D:1 |      23 |       0 |   0.0 |      13 |       0 |   0.0
        D:2 |      80 |       0 |   0.0 |      24 |       0 |   0.0
            +---------+---------+-------+---------+---------+-------
